 Dungeon Crawl Stone Soup version 0.29.1-1-gd02db6906a (webtiles) character file.

Game seed: 9423321318765933201

54 safid the Shooter (level 3, -1/31 HPs)
             Began as a Minotaur Hunter on Oct 12, 2022.
             Slain by a gnoll
             ... wielding a +0 halberd
              (8 damage)
             ... on level 2 of the Dungeon.
             The game lasted 00:02:05 (1368 turns).

safid the Shooter (Minotaur Hunter)                 Turns: 1368, Time: 00:02:05

Health: -1/31      AC:  4    Str: 21    XL:     3   Next: 66%
Magic:  0/2        EV: 12    Int:  6    God:
Gold:   139        SH:  0    Dex: 15    Spells: 2/2 levels left

rFire   . . .      SeeInvis .   a - +0 shortbow
rCold   . . .      Faith    .   (shield currently unavailable)
rNeg    . . .      Spirit   +   c - +0 leather armour
rPois   .          Reflect  .   (helmet restricted)
rElec   .          Harm     .   m - +0 cloak
rCorr   .          Rampage  .   (no gloves)
Will    .....                   (no boots)
Stlth   +.........              i - amulet of guardian spirit
HPRegen 0.10/turn               h - +6 ring of strength
MPRegen 0.08/turn               (no ring)

@: no status effects
A: horns 2, retaliatory headbutt
a: no special abilities


You were on level 2 of the Dungeon.
You visited 1 branch of the dungeon, and saw 2 of its levels.

You collected 139 gold pieces.

Inventory:

Hand Weapons
 a - a +0 shortbow (weapon)
Armour
 c - a +0 leather armour (worn)
 m - a +0 cloak (worn)
Jewellery
 h - a +6 ring of strength (left hand)
 i - an amulet of guardian spirit (around neck)
Scrolls
 b - a scroll of immolation
 d - a scroll of noise {unknown}
 e - 3 scrolls of identify {unknown}
 f - a scroll of brand weapon {unknown}
 j - a scroll of amnesia {unknown}
 l - a scroll of fear {unknown}
 n - a scroll of magic mapping {unknown}
Potions
 g - a potion of heal wounds {unknown}
 k - a potion of brilliance {unknown}
 o - a potion of resistance {unknown}


   Skills:
 - Level 3.0 Fighting
 + Level 5.7 Ranged Weapons
 - Level 2.1 Dodging
 - Level 0.7 Stealth


You had 2 spell levels left.
You didn't know any spells.
Your spell library contained the following spells:

 Spells                   Type           Power      Damage    Failure   Level
 Anguish                  Hex/Necr       0%         N/A       99%         4
 Enfeeble                 Hex            0%         N/A       100%        7


Dungeon Overview and Level Annotations

Branches:
Dungeon (2/15)

Altars:

Shops:
D:2 *


Innate Abilities, Weirdness & Mutations

You have a pair of horns on your head.
You reflexively headbutt those who attack you in melee.


Message History

You shoot an arrow. The arrow hits the gnoll!
The gnoll shouts!
The gnoll is almost dead.
You shoot an arrow. The gnoll shouts!
The arrow hits the gnoll but does no damage.
The gnoll is almost dead.
You hear a shout! x2
A gnoll comes into view. It is wielding a +0 club.
You shoot an arrow.
The arrow hits the gnoll but does no damage.
The gnoll is almost dead.
A gnoll comes into view. It is wielding a +0 club.
You shoot an arrow. The arrow closely misses the gnoll.
The gnoll closely misses you.
You shoot an arrow. The arrow closely misses the gnoll.
The gnoll hits you with a +0 club.
You shoot an arrow. The arrow hits the gnoll!
You kill the gnoll!
You shoot an arrow. The arrow hits the gnoll!
The gnoll is severely wounded.
You shoot an arrow. The arrow barely misses the gnoll.
The gnoll hits you but does no damage.
The gnoll hits you from afar with a +0 halberd!
The gnoll misses you. x2
You shoot an arrow. The arrow hits the gnoll.
The gnoll is severely wounded.
The gnoll hits you with a +0 club! The gnoll closely misses you.
You are too injured to fight recklessly!
You are too injured to fight recklessly!
You are too injured to fight recklessly!
You are too injured to fight recklessly!
The gnoll attacks as you move away! The gnoll barely misses you.
The gnoll attacks as you move away! The gnoll hits you with a +0 club.
* * * LOW HITPOINT WARNING * * *
There is a stone staircase leading up here.
The gnoll hits you with a +0 club.
* * * LOW HITPOINT WARNING * * *
The gnoll hits you from afar with a +0 halberd!
You die...

.........#.......#.# #.#
..............####.# #.#
.........>.......#.# #.#
...#.............#.###.#
##.#.####..............#
.#.#..........#.##.#####
.#....###.....#.##.#
.'...........##.##.########
.#...........##.@#.........
###........[.....gg########
...................g......#
.......##...............#)#
.......##..........####.#.#
.####'###.............#.#g#
.# #................#.#.#.#
.###.......######+#.#.#.#.#
.............# #.#.#.#.#..


You could see 3 gnolls.

Vanquished Creatures
  A gnoll (D:2)
  A worm (D:2)
  2 dart slugs
  3 ball pythons
  A bat (D:1)
  An endoplasm (D:2)
  6 hobgoblins
  2 jackals (D:1)
  A quokka (D:1)
  6 frilled lizards
  5 goblins
  4 kobolds
  3 rats
36 creatures vanquished.

Notes
Turn   | Place    | Note
-------+----------+-------------------------------------------
     0 | D:1      | safid the Minotaur Hunter began the quest for the Orb.
     0 | D:1      | Reached XP level 1. HP: 18/18 MP: 0/0
   189 | D:1      | Reached XP level 2. HP: 26/26 MP: 1/1
   364 | D:1      | Reached skill level 5 in Ranged Weapons
   721 | D:2      | Reached XP level 3. HP: 31/31 MP: 2/2
   841 | D:2      | Found Ataid's Assorted Antiques.
  1368 | D:2      | Slain by a gnoll

Illustrated notes

Levels and vault maps discovered:
D:1:      wheals_arrival_shading, layout_loops_ring, minmay_misc_feat_room
D:2:      layout_basic, serial_shops, nicolae_square_shop

Skill      XL: |  1  2 |
---------------+-------+-----
Fighting       | 3 |  3.0
Ranged Weapons | 5 |  5.7
Dodging        | |  2.1
Stealth        | |  0.7

Action                   || total
-------------------------++-------
 Fire: Shortbow          ||   102
Armor: Leather armour    ||     7
Dodge: Dodged            ||    21
